Workbook
Name _____CHD445: #REF!
Name _____TP10: #REF!
Name _REC1: "Rectángulo 31"
Name acpm: 5000
Name ConseqCat: 0
Name ConseqForMitRisk: 3
Name Estimate_Factor: 1
Name GKJDGDIJZ: "Imagen 3"
Name Last_Row: #N/A
Name OnceThru: 0
Name Payment_Needed: "Pago necesario"
Name PRINT_TITLES_MI: #N/A
Name ProbRange: 0
Name ProbRangeMit: 0
Name Reimbursement: "Reembolso"
Name TotalGastosMensuales: SUM([1]!tblGastos[Cantidad])
Name TotalGastosMensuales_1: SUM([1]!tblGastos[Cantidad])
Name TotalGastosMensuales_2: SUM([1]!tblGastos[Cantidad])
Name TotalGastosMensuales_3: SUM([1]!tblGastos[Cantidad])
Name TotalIngresosMensuales: SUM([1]!tblIngresos[Cantidad])
Name TotalIngresosMensuales_1: SUM([1]!tblIngresos[Cantidad])
Name TotalIngresosMensuales_2: SUM([1]!tblIngresos[Cantidad])
Name TotalIngresosMensuales_3: SUM([1]!tblIngresos[Cantidad])
Name UFrm2InUse: 1
Name uv: 375000

Sheet PRESUPUESTO OFICIAL
B2: PRESUPUESTO OFICIAL
B3: REHABILITACION DEL LABORATORIO AGROINDUSTRIAL UBICADO EN LA SEDE PRINCIPAL DE LA INSTITUCION EDUCATIVA TÉCNICA JUAN LOZANO SANCHEZ DEL MUNICIPIO DE COYAIMA - TOLIMA.
C4: ITEM | D4: DESCRIPCIÓN | E4: UNIDAD | F4: CANTIDAD | G4: VALOR UNITARIO | H4: VALOR TOTAL
B6: CAP. 1 | C6: 1 | D6: INICIALES
B7: 1 | C7: 1.1 | D7: Demolición placa en concreto e=0,10 | E7: m2 | F7: ='MEMORIA CAN.'!F4 -> 25.5424 | G7: =APU!I36 -> 30475.037 | H7: =F7*G7 -> 778405.58
B8: 1 | C8: 1.2 | D8: Demolición muro | E8: m2 | F8: ='MEMORIA CAN.'!F22 -> 2.12548 | G8: =APU!I87 -> 25961.358 | H8: =F8*G8 -> 55180.348
B9: 1 | C9: 1.3 | D9: Excavación manual en material común h=0.0-2.0 m | E9: m2 | F9: ='MEMORIA CAN.'!F31 -> 6.96 | G9: =APU!I134 -> 61426.057 | H9: =F9*G9 -> 427525.36
B10: 1 | C10: 1.4 | D10: Placa de contrapiso E=0,05 m en concreto f'c=210 Kg/cm2 | E10: m3 | F10: ='MEMORIA CAN.'!F42 -> 74.0865 | G10: =APU!I189 -> 68214.044 | H10: =F10*G10 -> 5053739.7
B11: CAP 2 | C11: 2 | D11: PINTURAS
B12: 2 | C12: 2.1 | D12: Suministro e instalacion de estuco | E12: m2 | F12: ='MEMORIA CAN.'!F69 -> 153.73408 | G12: =APU!I247 -> 22665.33 | H12: =F12*G12 -> 3484433.6
B13: 2 | C13: 2.2 | D13: Suministro e Instalación de Vinilo tipo I a 3 manos | E13: m2 | F13: ='MEMORIA CAN.'!F109 -> 153.73408 | G13: =APU!I301 -> 14661.617 | H13: =F13*G13 -> 2253990.2
B14: 2 | C14: 2.3 | D14: Suministro e Instalación de pintura esmalte | E14: m2 | F14: ='MEMORIA CAN.'!F149 -> 17.29165 | G14: =APU!I350 -> 18822.533 | H14: =F14*G14 -> 325472.66
B15: CAP 3 | C15: 3 | D15: ALISTADOS, MUROS ENCHAPE
B16: 1 | C16: 3.1 | D16: Alistado de piso con mortero 1:4 afinado e= 0,02 m | E16: m2 | F16: ='MEMORIA CAN.'!F163 -> 62.8165 | G16: =APU!I404 -> 37380.606 | H16: =F16*G16 -> 2348118.9
B17: 1 | C17: 3.2 | D17: Suministro e instalación de piso cerámica | E17: m2 | F17: ='MEMORIA CAN.'!F191 -> 62.8165 | G17: =APU!I459 -> 84852.977 | H17: =F17*G17 -> 5330167
B18: 1 | C18: 3.3 | D18: ='MEMORIA CAN.'!D219 -> Alistado de muro ceramica muros y meson | E18: m2 | F18: ='MEMORIA CAN.'!F219 -> 16.90235 | G18: =APU!I514 -> 41568.914 | H18: =F18*G18 -> 702612.33
B19: 1 | C19: 3.4 | D19: Suministro e instalación ceramica muros y meson | E19: m2 | F19: ='MEMORIA CAN.'!F244 -> 16.90235 | G19: =APU!I573 -> 82891.027 | H19: =F19*G19 -> 1401053.1
B20: 1 | C20: 3.5 | D20: Guardaescoba | E20: m | F20: ='MEMORIA CAN.'!F268 -> 24.835 | G20: =APU!I626 -> 33696.702 | H20: =F20*G20 -> 836857.59
B21: CAP 4 | C21: 4 | D21: INSTALACIÓN DE TUBERIA PRESIÓN Y TANQUE
B22: 4 | C22: 4.1 | D22: Puntos de agua fría PVC-P D=1/2" | E22: und | F22: =+'MEMORIA CAN.'!F279 -> 2 | G22: =APU!I686 -> 125597.74 | H22: =F22*G22 -> 251195.48
B23: 4 | C23: 4.2 | D23: Suministro e Instalación de tubería PVC-P D=1/2" RDE 13.5 US | E23: m | F23: ='MEMORIA CAN.'!F282 -> 27 | G23: =APU!I743 -> 9915.4173 | H23: =F23*G23 -> 267716.27
B24: 4 | C24: 4.3 | D24: Suministro e instalación de tanque Plástico para almacenamiento de 1000 Litros, incluye Kit de instalación hidráulica. | E24: und | F24: ='MEMORIA CAN.'!F285 -> 1 | G24: =APU!I794 -> 850840.54 | H24: =F24*G24 -> 850840.54
B25: 4 | C25: 4.4 | D25: Suministro e instalación de tuberías PVC-SNT D=4" y 2", Incluye accesorios. | E25: m | F25: ='MEMORIA CAN.'!F288 -> 5 | G25: =APU!I849 -> 63326.264 | H25: =F25*G25 -> 316631.32
B26: CAP 5 | C26: 5 | D26: ESTRUCTURA METALICA
B27: 5 | C27: 5.1 | D27: Marcos en lamina claravoyas | E27: m2 | F27: ='MEMORIA CAN.'!F296 -> 1.3536 | G27: =APU!I906 -> 230264.28 | H27: =F27*G27 -> 311685.74
B28: 5 | C28: 5.2 | D28: Rejillas | E28: m2 | F28: ='MEMORIA CAN.'!F300 -> 0.1 | G28: =APU!I963 -> 280264.28 | H28: =F28*G28 -> 28026.428
D30: Sub total capitulos = | H30: =SUM(H7:H28) -> 25023652
D33: COSTOS DIRECTOS = | H33: =H30 -> 25023652
D34: COSTOS INDIRECTOS
F35: ADMINISTRACIÓN | G35: =+AIU!H16 -> 0.15224605 | H35: =H33*G35 -> 3809752.2
F36: IMPREVISTOS | G36: =+AIU!H17 -> 0.01 | H36: =H33*G36 -> 250236.52
F37: UTILIDAD | G37: =+AIU!H18 -> 0.05 | H37: =H33*G37 -> 1251182.6
F38: AIU | G38: =+AIU!H19 -> 0.21224605 | H38: =H35+H36+H37 -> 5311171.3
G40: TOTAL= | H40: =H33+H38 -> 30334823

Sheet MEMORIA CAN.
B1: REHABILITACION DEL LABORATORIO AGROINDUSTRIAL UBICADO EN LA SEDE PRINCIPAL DE LA INSTITUCION EDUCATIVA TÉCNICA JUAN LOZANO SANCHEZ DEL MUNICIPIO DE COYAIMA - TOLIMA.
G3: LARGO | H3: ANCHO | I3: ALTURA | J3: CANTIDAD | K3: TOTAL
B4: 1 | C4: ='PRESUPUESTO OFICIAL'!C7 -> 1.1 | D4: Demolición placa en concreto e=0,10 | E4: m2 | F4: =K19 -> 25.5424
F7: MESONES | G7: 4.54 | H7: 1.53 | J7: 2 | K7: =G7*H7*J7 -> 13.8924
F9: Rejilla | G9: 1 | H9: 0.1 | K9: =G9*H9 -> 0.1
F11: piso desague rejilla | G11: 2 | H11: 0.1 | K11: =G11*H11 -> 0.2
F15: Anden | G15: 8.05 | H15: 1.4 | K15: =(G15*H15) -> 11.27
F18: anden tuberia tanque | G18: 0.8 | H18: 0.1 | K18: =G18*H18 -> 0.08
K19: =SUM(K7:K18) -> 25.5424
B22: ='PRESUPUESTO OFICIAL'!B8 -> 1 | C22: ='PRESUPUESTO OFICIAL'!C8 -> 1.2 | D22: Demolición muro | E22: m3 | F22: =K28 -> 2.12548
F23: MESONES
G24: 1.53 | H24: 0.32 | I24: 0.8 | J24: 4 | K24: =G24*H24*I24*J24 -> 1.56672
G25: 1.53 | H25: 0.12 | I25: 0.8 | J25: 2 | K25: =G25*H25*I25*J25 -> 0.29376
F26: Demolición muro para tubo tanque | G26: 2.65 | H26: 0.1 | K26: =G26*H26 -> 0.265
K28: =SUM(K24:K26) -> 2.12548
B31: 1 | C31: 1.3 | D31: Excavación manual en material común h=0.0-2.0 m | E31: m3 | F31: =K39 -> 6.96
F33: rejilla | G33: 1 | H33: 0.1 | I33: 0.1 | K33: =G33*H33*I33 -> 0.01
F34: piso desague rejilla | G34: 2 | H34: 0.1 | I34: 0.1 | K34: =G34*H34*I34 -> 0.02
F37: tuberia hasta el tanque | G37: 23.1 | H37: 0.3 | K37: =(G37*H37) -> 6.93
K39: =SUM(K33:K37) -> 6.96
B42: 1 | C42: 1.4 | D42: Placa de contrapiso E=0,07 m en concreto f'c=210 Kg/cm2 | E42: m2 | F42: =K66 -> 74.0865
K43: =G43*H43 -> 0
F45: Anden | G45: 8.05 | H45: 1.4 | K45: =(G45*H45) -> 11.27
F47: salon | G47: =(7.57+0.53) -> 8.1 | H47: 8.08 | K47: =G47*H47 -> 65.448
F49: vano col. | G49: 0.12 | H49: 0.37 | K49: =G49*H49 -> 0.0444
G50: 0.115 | H50: 0.195 | J50: 2 | K50: =G50*H50*J50 -> 0.04485
G51: 0.255 | H51: 0.255 | K51: =G51*H51 -> 0.065025
G52: 0.05 | H52: 0.35 | J52: 2 | K52: =G52*H52*J52 -> 0.035
F54: vano muro | G54: 0.32 | H54: 1.53 | J54: 4 | K54: =G54*H54*J54 -> 1.9584
G55: 0.12 | H55: 1.53 | J55: 2 | K55: =G55*H55*J55 -> 0.3672
F59: vano muros meson costado derecho | G59: 0.25 | H59: 0.525 | J59: 2 | K59: =G59*H59*J59 -> 0.2625
G60: 0.17 | H60: 0.525 | J60: 2 | K60: =G60*H60*J60 -> 0.1785
G61: 0.525 | H61: 0.525 | K61: =G61*H61 -> 0.275625
F64: placa para aparato | G64: 1 | H64: 0.6 | K64: =G64*H64 -> 0.6
K66: =K43+K45+K47-K49-K50-K51-K52-K54-K55-K57-K59-K60-K61+K64 -> 74.0865
B69: 2 | C69: 2.1 | D69: ='PRESUPUESTO OFICIAL'!D12 -> Suministro e instalacion de estuco | E69: m2 | F69: =K106 -> 153.73408
F70: fachada | G70: =(7.57+0.53+0.15+0.15) -> 8.4 | I70: =(2.8+2.82)/2 -> 2.81 | J70: 2 | K70: =G70*I70*J70 -> 47.208
F71: muro trasero | G71: =(7.57+0.53) -> 8.1 | I71: =(2.8+2.82)/2 -> 2.81 | J71: 1 | K71: =G71*I71*J71 -> 22.761
F73: lateral izquierdo | G73: 8.07 | I73: 2.82 | K73: =G73*I73 -> 22.7574
F74: lateral derecho | G74: 8.07 | I74: 2.8 | K74: =G74*I74 -> 22.596
F76: vano ventana frente | G76: 0.775 | I76: 0.975 | J76: 2 | K76: =G76*I76*J76 -> 1.51125
F77: vano ventana frente | G77: 1.99 | I77: 1 | J77: 2 | K77: =G77*I77*J77 -> 3.98
F79: vano claraboyas frente | G79: 0.47 | I79: 0.24 | J79: 12 | K79: =G79*I79*J79 -> 1.3536
F80: vano puerta frente | G80: 1 | I80: 2.325 | J80: 2 | K80: =G80*I80*J80 -> 4.65
F82: vano claraboyas costado izquierdo | G82: 0.47 | I82: 0.24 | J82: 6 | K82: =G82*I82*J82 -> 0.6768
F84: vano ventanas traseras | G84: 2 | I84: 1.28 | J84: 2 | K84: =G84*I84*J84 -> 5.12
F86: vano perimetro salon guardaescoba | G86: 7.57 | I86: 0.1 | J86: 2 | K86: =G86*I86*J86 -> 1.514
G87: 8.07 | I87: 0.1 | J87: 2 | K87: =G87*I87*J87 -> 1.614
G88: 0.255 | I88: 0.1 | J88: 4 | K88: =G88*I88*J88 -> 0.102
F91: vano muros meson costado derecho | G91: 8.07 | I91: 0.6 | K91: =G91*I91 -> 4.842
G92: 0.525 | I92: 0.6 | J92: 2 | K92: =G92*I92*J92 -> 0.63
G94: 8.07 | H94: 0.525 | K94: =G94*H94 -> 4.23675
F96: Parte superior | G96: 8.07 | H96: 8.1 | K96: =G96*H96 -> 65.367
F97: vano columna | G97: 0.255 | H97: 0.255 | K97: =G97*H97 -> 0.065025
F98: vano columna | G98: 0.195 | H98: 0.115 | K98: =G98*H98 -> 0.022425
F99: vano columna | G99: 0.115 | H99: 0.195 | K99: =G99*H99 -> 0.022425
F100: vano columna | G100: 0.05 | H100: 0.35 | J100: 2 | K100: =G100*H100*J100 -> 0.035
F101: vano columna | G101: 0.42 | H101: 0.13 | K101: =G101*H101 -> 0.0546
F102: vano columna | G102: 0.65 | H102: 0.125 | K102: =G102*H102 -> 0.08125
F104: viga centro | G104: =(7.57+0.16) -> 7.73 | I104: 0.23 | J104: 2 | K104: =G104*I104*J104 -> 3.5558
K106: =K70+K71+K73+K74+-K76-K77-K79-K80-K82-K84-K86-K87-K88-K91-K92-K94+K96-K97-K98-K99-K100-K101-K102+K104-K89 -> 153.73408
B109: 2 | C109: 2.2 | D109: Suministro e Instalación de Vinilo tipo I a 3 manos | E109: m2 | F109: =K146 -> 153.73408
F110: fachada | G110: =(7.57+0.53+0.15+0.15) -> 8.4 | I110: =(2.8+2.82)/2 -> 2.81 | J110: 2 | K110: =G110*I110*J110 -> 47.208
F111: muro trasero | G111: =(7.57+0.53) -> 8.1 | I111: =(2.8+2.82)/2 -> 2.81 | J111: 1 | K111: =G111*I111*J111 -> 22.761
F113: lateral izquierdo | G113: 8.07 | I113: 2.82 | K113: =G113*I113 -> 22.7574
F114: lateral derecho | G114: 8.07 | I114: 2.8 | K114: =G114*I114 -> 22.596
F116: vano ventana frente | G116: 0.775 | I116: 0.975 | J116: 2 | K116: =G116*I116*J116 -> 1.51125
F117: vano ventana frente | G117: 1.99 | I117: 1 | J117: 2 | K117: =G117*I117*J117 -> 3.98
F119: vano claraboyas frente | G119: 0.47 | I119: 0.24 | J119: 12 | K119: =G119*I119*J119 -> 1.3536
F120: vano puerta frente | G120: 1 | I120: 2.325 | J120: 2 | K120: =G120*I120*J120 -> 4.65
F122: vano claraboyas costado izquierdo | G122: 0.47 | I122: 0.24 | J122: 6 | K122: =G122*I122*J122 -> 0.6768
F124: vano ventanas traseras | G124: 2 | I124: 1.28 | J124: 2 | K124: =G124*I124*J124 -> 5.12
F126: vano perimetro salon guardaescoba | G126: 7.57 | I126: 0.1 | J126: 2 | K126: =G126*I126*J126 -> 1.514
G127: 8.07 | I127: 0.1 | J127: 2 | K127: =G127*I127*J127 -> 1.614
G128: 0.255 | I128: 0.1 | J128: 4 | K128: =G128*I128*J128 -> 0.102
K129: =G129*I129 -> 0
F131: vano muros meson costado derecho | G131: 8.07 | I131: 0.6 | K131: =G131*I131 -> 4.842
G132: 0.525 | I132: 0.6 | J132: 2 | K132: =G132*I132*J132 -> 0.63
G134: 8.07 | H134: 0.525 | K134: =G134*H134 -> 4.23675
F136: Parte superior | G136: 8.07 | H136: 8.1 | K136: =G136*H136 -> 65.367
F137: vano columna | G137: 0.255 | H137: 0.255 | K137: =G137*H137 -> 0.065025
F138: vano columna | G138: 0.195 | H138: 0.115 | K138: =G138*H138 -> 0.022425
F139: vano columna | G139: 0.115 | H139: 0.195 | K139: =G139*H139 -> 0.022425
F140: vano columna | G140: 0.05 | H140: 0.35 | J140: 2 | K140: =G140*H140*J140 -> 0.035
F141: vano columna | G141: 0.42 | H141: 0.13 | K141: =G141*H141 -> 0.0546
F142: vano columna | G142: 0.65 | H142: 0.125 | K142: =G142*H142 -> 0.08125
F144: viga centro | G144: =(7.57+0.16) -> 7.73 | I144: 0.23 | J144: 2 | K144: =G144*I144*J144 -> 3.5558
K146: =K110+K111+K113+K114+-K116-K117-K119-K120-K122-K124-K126-K127-K128-K131-K132-K134+K136-K137-K138-K139-K140-K141-K142+K144-K129 -> 153.73408
B149: 2 | C149: 2.3 | D149: Suministro e Instalación de pintura esmalte | E149: m2 | F149: =K160 -> 17.29165
F150: ventana frente | G150: 0.775 | I150: 0.975 | J150: 2 | K150: =G150*I150*J150 -> 1.51125
F151: ventana frente | G151: 1.99 | I151: 1 | J151: 2 | K151: =G151*I151*J151 -> 3.98
F153: claraboyas frente | G153: 0.47 | I153: 0.24 | J153: 12 | K153: =G153*I153*J153 -> 1.3536
F154: puerta frente | G154: 1 | I154: 2.325 | J154: 2 | K154: =G154*I154*J154 -> 4.65
F156: claraboyas costado izquierdo | G156: 0.47 | I156: 0.24 | J156: 6 | K156: =G156*I156*J156 -> 0.6768
F158: ventanas traseras | G158: 2 | I158: 1.28 | J158: 2 | K158: =G158*I158*J158 -> 5.12
K160: =SUM(K150:K158) -> 17.29165
B163: 3 | C163: 3.1 | D163: Alistado de piso con mortero 1:4 afinado e= 0,02 m | E163: m2 | F163: =K188 -> 62.8165
F169: salon | G169: =(7.57+0.53) -> 8.1 | H169: 8.08 | K169: =G169*H169 -> 65.448
F171: vano col. | G171: 0.12 | H171: 0.37 | K171: =G171*H171 -> 0.0444
G172: 0.115 | H172: 0.195 | J172: 2 | K172: =G172*H172*J172 -> 0.04485
...

Sheet APU
B2: ANÁLISIS DE PRECIOS UNITARIOS
B5: ACTIVIDAD: | C5: ='PRESUPUESTO OFICIAL'!C7 -> 1.1 | D5: ='PRESUPUESTO OFICIAL'!D7 -> Demolición placa en concreto e=0,10 | H5: UNIDAD: | I5: m2
B7: 1. MATERIALES
B8: DESCRIPCIÓN | F8: UNIDAD | G8: CANTIDAD | H8: V/UNITARIO | I8: V/TOTAL
H12: SUBTOTAL | I12: 0
B14: 2.HERRAMIENTA, MAQUINARIA Y EQUIPO
B15: DESCRIPCIÓN | F15: UNIDAD | G15: Rendimiento | H15: V/UNITARIO | I15: V/TOTAL
B16: Herramienta Menor | F16: % M.O | G16: 0.05 | H16: 18393.467 | I16: 919.67333
B17: taladro demoledor | F17: dia | G17: 0.035 | H17: 150000 | I17: =(G17*H17) -> 5250
H21: SUBTOTAL | I21: =SUM(I16:I17) -> 6169.6733
B23: 3. TRANSPORTE
B24: DESCRIPCIÓN | F24: UNIDAD | G24: Rendimiento | H24: V/UNITARIO | I24: V/TOTAL
B25: Retiro de sobrantes | F25: m3 | G25: 0.14 | H25: 1250 | I25: 175
H28: SUBTOTAL | I28: 175
B30: 4. MANO DE OBRA
B31: NUM | C31: DESCRIPCIÓN | D31: UNIDAD | E31: V/UNITARIO | F31: Factor Prestacional | G31: JORNAL | H31: Rendimiento | I31: V/TOTAL
B32: 1 | C32: Cuadrilla 4: 1 Ofc. + 3 Ayud. | D32: DÍA | E32: 319800 | F32: 1.66 | G32: =E32*F32 -> 530868 | H32: 22 | I32: =G32/H32 -> 24130.364
E34: 209016.67 | H34: SUBTOTAL | I34: =I32 -> 24130.364
G36: COSTOS DIRECTOS | I36: =I12+I21+I28+I34 -> 30475.037
B38: 5. COSTOS INDIRECTOS
B39: DESCRIPCION | G39: Porcentaje | H39: Valor Sub- Total
B40: ADMINISTRACION
B41: IMPREVISTOS
B42: UTILIDAD
G43: COSTOS INDIRECTOS
B45: Precio Unitario Total Aproximado al Peso $
B48: EDWIN SARTA ANDRADE
B49: CC 1106394108
B52: ANÁLISIS DE PRECIOS UNITARIOS
B55: ACTIVIDAD: | C55: ='PRESUPUESTO OFICIAL'!C8 -> 1.2 | D55: Demolición muro | H55: UNIDAD: | I55: m2
B57: 1. MATERIALES
B58: DESCRIPCIÓN | F58: UNIDAD | G58: CANTIDAD | H58: V/UNITARIO | I58: V/TOTAL
H63: SUBTOTAL | I63: 0
B65: 2.HERRAMIENTA, MAQUINARIA Y EQUIPO
B66: DESCRIPCIÓN | F66: UNIDAD | G66: Rendimiento | H66: V/UNITARIO | I66: V/TOTAL
B67: Herramienta Menor | F67: % M.O | G67: 0.5 | H67: 18393.467 | I67: =G67*H67 -> 9196.7333
H72: SUBTOTAL | I72: =SUM(I67:I68) -> 9196.7333
B74: 3. TRANSPORTE
B75: DESCRIPCIÓN | F75: UNIDAD | G75: Rendimiento | H75: V/UNITARIO | I75: V/TOTAL
B76: Retiro de sobrantes | F76: m3 | G76: 0.14 | H76: 1250 | I76: 175
H79: SUBTOTAL | I79: 175
B81: 4. MANO DE OBRA
B82: NUM | C82: DESCRIPCIÓN | D82: UNIDAD | E82: V/UNITARIO | F82: Factor Prestacional | G82: JORNAL | H82: Rendimiento | I82: V/TOTAL
B83: 1 | C83: Cuadrilla 4: 1 Ofc. + 3 Ayud. | D83: DÍA | E83: 319800 | F83: 1.66 | G83: =E83*F83 -> 530868 | H83: 32 | I83: =G83/H83 -> 16589.625
E85: 209016.67 | H85: SUBTOTAL | I85: =I83 -> 16589.625
G87: COSTOS DIRECTOS | I87: =I63+I72+I79+I85 -> 25961.358
B89: 5. COSTOS INDIRECTOS
B90: DESCRIPCION | G90: Porcentaje | H90: Valor Sub- Total
B91: ADMINISTRACION
B92: IMPREVISTOS
B93: UTILIDAD
G94: COSTOS INDIRECTOS
B96: Precio Unitario Total Aproximado al Peso $
B99: EDWIN SARTA ANDRADE
B100: CC 1106394108
B103: ANÁLISIS DE PRECIOS UNITARIOS
B105: ACTIVIDAD: | C105: ='PRESUPUESTO OFICIAL'!C9 -> 1.3 | D105: Excavación manual en material común h=0.0-2.0 m | H105: UNIDAD: | I105: m3
B107: 1. MATERIALES
B108: DESCRIPCIÓN | F108: UNIDAD | G108: CANTIDAD | H108: V/UNITARIO | I108: V/TOTAL
H113: SUBTOTAL | I113: 0
B115: 2.HERRAMIENTA, MAQUINARIA Y EQUIPO
B116: DESCRIPCIÓN | F116: UNIDAD | G116: Rendimiento | H116: V/UNITARIO | I116: V/TOTAL
B117: Herramienta Menor | F117: % M.O | G117: 0.05 | H117: 47721.143 | I117: 2386.0571
H120: SUBTOTAL | I120: 2386.0571
B122: 3. TRANSPORTE
B123: DESCRIPCIÓN | F123: UNIDAD | G123: Rendimiento | H123: V/UNITARIO | I123: V/TOTAL
H126: SUBTOTAL | I126: 0
B128: 4. MANO DE OBRA
B129: NUM | C129: DESCRIPCIÓN | D129: UNIDAD | E129: V/UNITARIO | F129: Factor Prestacional | G129: JORNAL | H129: Rendimiento | I129: V/TOTAL
B130: 1 | C130: Cuadrilla 2: 2 Ayudantes | D130: DÍA | E130: 147600 | F130: 1.66 | G130: =E130*F130 -> 245016 | H130: 4.15 | I130: =G130/H130 -> 59040
H132: SUBTOTAL | I132: =I130 -> 59040
G134: COSTOS DIRECTOS | I134: =I113+I120+I126+I132 -> 61426.057
B136: 5. COSTOS INDIRECTOS
B137: DESCRIPCION | G137: Porcentaje | H137: Valor Sub- Total
B138: ADMINISTRACION
B139: IMPREVISTOS
B140: UTILIDAD
G141: COSTOS INDIRECTOS
B143: Precio Unitario Total Aproximado al Peso $
B145: EDWIN SARTA ANDRADE
B146: C.C. 1106394108
B149: ANÁLISIS DE PRECIOS UNITARIOS
B153: ACTIVIDAD: | C153: ='PRESUPUESTO OFICIAL'!C10 -> 1.4 | D153: Placa de contrapiso E=0,05 m en concreto f'c=210 Kg/cm2 | H153: UNIDAD: | I153: m2
B155: 1. MATERIALES
B156: DESCRIPCIÓN | F156: UNIDAD | G156: CANTIDAD | H156: V/UNITARIO | I156: V/TOTAL
B157: concreto f'c=210 Kg/cm2 (3000 psi) | F157: m3 | G157: 0.05 | H157: 609033 | I157: =G157*H157 -> 30451.65
B158: malla electrosoldada 5mm 0,15X0,15 | F158: m2 | G158: 1 | H158: 5702 | I158: =G158*H158 -> 5702
B159: Tabla burra 0,30x3,0 m | F159: m3 | G159: 0.2 | H159: 8300 | I159: 1660
B160: Puntilla 2 1/2" | F160: lb | G160: 0.01 | H160: 4700 | I160: 47
H165: SUBTOTAL | I165: =SUM(I157:I160) -> 37860.65
B167: 2.HERRAMIENTA, MAQUINARIA Y EQUIPO
B168: DESCRIPCIÓN | F168: UNIDAD | G168: Rendimiento | H168: V/UNITARIO | I168: V/TOTAL
B169: Herramienta Menor | F169: % M.O | G169: 0.05 | H169: 23696.444 | I169: 1184.8222
H174: SUBTOTAL | I174: 1184.8222
B176: 3. TRANSPORTE
B177: DESCRIPCIÓN | F177: UNIDAD | G177: Kilometros | H177: V/UNITARIO | I177: V/TOTAL
I179: 0
H181: SUBTOTAL | I181: 0
B183: 4. MANO DE OBRA
B184: NUM | C184: DESCRIPCIÓN | D184: UNIDAD | E184: V/UNITARIO | F184: Factor Prestacional | G184: JORNAL | H184: Rendimiento | I184: V/TOTAL
...

Sheet MDO
B1: MANO DE OBRA
B2: PERSONAL | C2: CANT | D2: SALARIO | E2: JORNAL (dÍa)
B3: Residente de Obra | C3: 1 | D3: =+E3*30 -> 3690000 | E3: 123000
B4: Soldador | C4: 1 | D4: =+E4*30 -> 3690000 | E4: 123000
B5: Oficial | C5: 1 | D5: =+E5*30 -> 2952000 | E5: 98400
B6: Ayudante | C6: 1 | D6: =+E6*30 -> 2214000 | E6: 73800
B9: Prestaciones | E9: 0.66

Sheet AIU
B2: CALCULO DEL AIU
B3: CONCEPTO | D3: V.M./CON PRESTACIONES | E3: DEDICACIÓN | F3: DURACIÓN DE LA OBRA (Meses) | G3: V. PARCIAL | H3: %
B4: COSTO DIRECTO | H4: =+'PRESUPUESTO OFICIAL'!H33 -> 25023652
B5: ADMINISTRACIÓN
B6: SALARIOS PERSONAL DE OBRA | G6: =+SUM(G7) -> 369000 | H6: =+G6/H4 -> 0.014746049
B7: 1 | C7: Residente de Obra | D7: 3690000 | E7: 0.1 | F7: 1 | G7: =+(D7*E7)/F7 -> 369000
B8: COSTOS INDIRECTOS
B9: GASTOS DE LEGALIZACIÓN E IMPUESTOS | G9: =+SUM(G10:G15) -> 3440752.2 | H9: =+G9/H4 -> 0.1375
B10: Contribución Especial (Art. 6 Ley 1106 de 2006) | D10: =+H4 -> 25023652 | F10: 0.05 | G10: =+D10*F10 -> 1251182.6
B11: Estampillas Departamentales | D11: =+H4 -> 25023652 | F11: 0.05 | G11: =+D11*F11 -> 1251182.6
B12: Poliza Unica de Cumplimiento | D12: =+H4 -> 25023652 | F12: 0.005 | G12: =+D12*F12 -> 125118.26
B13: Retefuente | D13: =+H4 -> 25023652 | F13: 0.02 | G13: =+D13*F13 -> 500473.04
B14: ICA | D14: =+H4 -> 25023652 | F14: 0.01 | G14: =+D14*F14 -> 250236.52
B15: FIC - SENA | D15: =+H4 -> 25023652 | F15: 0.0025 | G15: =+D15*F15 -> 62559.13
B16: A | C16: ADMINISTRACIÓN | H16: =+H6+H9 -> 0.15224605
B17: I | C17: IMPREVISTOS | H17: 0.01
B18: U | C18: UTILIDAD | H18: 0.05
B19: AIU | H19: =+H16+H17+H18 -> 0.21224605

Sheet CRONOGRAMA
B1: PROGRAMA DE ACTIVIDADES
C3: Resumen | D3: MES 1 | L3: MES 2
B4: Item | D4: S1 | F4: S2 | H4: S3 | J4: S4 | L4: S1 | N4: S2 | P4: S3 | R4: S4
B5: 1 | C5: INICIALES
B6: 1.1 | C6: Demolición placa en concreto e=0,10
B7: 1.2 | C7: Demolición muro
B8: 1.3 | C8: Excavación manual en material común h=0.0-2.0 m
B9: 1.4 | C9: Placa de contrapiso E=0,05 m en concreto f'c=210 Kg/cm2
B10: 2 | C10: PINTURAS
B11: 2.1 | C11: Suministro e instalacion de estuco
B12: 2.2 | C12: Suministro e Instalación de Vinilo tipo I a 3 manos
B13: 2.3 | C13: Suministro e Instalación de pintura esmalte
B14: 3 | C14: ALISTADOS, MUROS ENCHAPE
B15: 3.1 | C15: Alistado de piso con mortero 1:4 afinado e= 0,02 m
B16: 3.2 | C16: Suministro e instalación de piso cerámica
... B26: 5.2 | C26: Rejillas

Sheet ANEXO 5 - OFERTA ECONÓMICA
B2: ANEXO 5 - OFERTA ECONÓMICA
B3: REHABILITACION DEL LABORATORIO AGROINDUSTRIAL UBICADO EN LA SEDE PRINCIPAL DE LA INSTITUCION EDUCATIVA TÉCNICA JUAN LOZANO SANCHEZ DEL MUNICIPIO DE COYAIMA - TOLIMA.
C4: ITEM | D4: DESCRIPCIÓN | E4: UNIDAD | F4: CANTIDAD | G4: VALOR UNITARIO | H4: VALOR TOTAL
B6: CAP. 1 | C6: 1 | D6: INICIALES
B7: 1 | C7: 1.1 | D7: Demolición placa en concreto e=0,10 | E7: m2 | F7: ='MEMORIA CAN.'!F4 -> 25.5424
B8: 1 | C8: 1.2 | D8: Demolición muro | E8: m2 | F8: ='MEMORIA CAN.'!F22 -> 2.12548
B9: 1 | C9: 1.3 | D9: Excavación manual en material común h=0.0-2.0 m | E9: m2 | F9: ='MEMORIA CAN.'!F31 -> 6.96
B10: 1 | C10: 1.4 | D10: Placa de contrapiso E=0,05 m en concreto f'c=210 Kg/cm2 | E10: m3 | F10: ='MEMORIA CAN.'!F42 -> 74.0865
B11: CAP 2 | C11: 2 | D11: PINTURAS
B12: 2 | C12: 2.1 | D12: Suministro e instalacion de estuco | E12: m2 | F12: ='MEMORIA CAN.'!F69 -> 153.73408
B13: 2 | C13: 2.2 | D13: Suministro e Instalación de Vinilo tipo I a 3 manos | E13: m2 | F13: ='MEMORIA CAN.'!F109 -> 153.73408
B14: 2 | C14: 2.3 | D14: Suministro e Instalación de pintura esmalte | E14: m2 | F14: ='MEMORIA CAN.'!F149 -> 17.29165
B15: CAP 3 | C15: 3 | D15: ALISTADOS, MUROS ENCHAPE
B16: 1 | C16: 3.1 | D16: Alistado de piso con mortero 1:4 afinado e= 0,02 m | E16: m2 | F16: ='MEMORIA CAN.'!F163 -> 62.8165
B17: 1 | C17: 3.2 | D17: Suministro e instalación de piso cerámica | E17: m2 | F17: ='MEMORIA CAN.'!F191 -> 62.8165
B18: 1 | C18: 3.3 | D18: ='MEMORIA CAN.'!D219 -> Alistado de muro ceramica muros y meson | E18: m2 | F18: ='MEMORIA CAN.'!F219 -> 16.90235
B19: 1 | C19: 3.4 | D19: Suministro e instalación ceramica muros y meson | E19: m2 | F19: ='MEMORIA CAN.'!F244 -> 16.90235
B20: 1 | C20: 3.5 | D20: Guardaescoba | E20: m | F20: ='MEMORIA CAN.'!F268 -> 24.835
B21: CAP 4 | C21: 4 | D21: INSTALACIÓN DE TUBERIA PRESIÓN Y TANQUE
B22: 4 | C22: 4.1 | D22: Puntos de agua fría PVC-P D=1/2" | E22: und | F22: =+'MEMORIA CAN.'!F279 -> 2
B23: 4 | C23: 4.2 | D23: Suministro e Instalación de tubería PVC-P D=1/2" RDE 13.5 US | E23: m | F23: ='MEMORIA CAN.'!F282 -> 27
B24: 4 | C24: 4.3 | D24: Suministro e instalación de tanque Plástico para almacenamiento de 1000 Litros, incluye Kit de instalación hidráulica. | E24: und | F24: ='MEMORIA CAN.'!F285 -> 1
B25: 4 | C25: 4.4 | D25: Suministro e instalación de tuberías PVC-SNT D=4" y 2", Incluye accesorios. | E25: m | F25: ='MEMORIA CAN.'!F288 -> 5
B26: CAP 5 | C26: 5 | D26: ESTRUCTURA METALICA
B27: 5 | C27: 5.1 | D27: Marcos en lamina claraboyas | E27: m2 | F27: ='MEMORIA CAN.'!F296 -> 1.3536
B28: 5 | C28: 5.2 | D28: Rejillas | E28: m2 | F28: ='MEMORIA CAN.'!F300 -> 0.1
D30: Sub total capitulos =
D33: COSTOS DIRECTOS =
D34: COSTOS INDIRECTOS
F35: ADMINISTRACIÓN | G35: =+AIU!H16 -> 0.15224605
F36: IMPREVISTOS | G36: =+AIU!H17 -> 0.01
F37: UTILIDAD | G37: =+AIU!H18 -> 0.05
F38: AIU | G38: =+AIU!H19 -> 0.21224605
G40: TOTAL=
